 Dungeon Crawl Stone Soup version 0.17.1-1-g73c8601 (webtiles) character file.

114 ricardofg the Cudgeler (level 4, -2/37 HPs)
             Began as a Draconian Wanderer on Apr 17, 2016.
             Slain by a shadow imp (3 damage)
             ... summoned by Natasha
             ... on level 2 of the Dungeon.
             The game lasted 00:05:07 (2117 turns).

ricardofg the Cudgeler (Draconian Wanderer)         Turns: 2117, Time: 00:05:08

Health: -2/37      AC:  5    Str: 18    XL:     4   Next: 66%
Magic:  5/5        EV: 12    Int:  8    God:
Gold:   27         SH:  0    Dex: 12    Spells: 0 memorised, 5 levels left

rFire  . . .     SeeInvis .     c - +0 mace
rCold  . . .     Clarity  .     (armour unavailable)
rNeg   . . .     SustAt   .     (no shield)
rPois  .         Gourm    .     (helmet restricted)
rElec  .         Spirit   .     (no cloak)
rCorr  .         Warding  .     (no gloves)
rMut   .         Stasis   .     (no boots)
MR     .....                    (no amulet)
Stlth  +.........               (no ring)
                                (no ring)

@: slowed, very slow, not resistant to hostile enchantments, very unstealthy
A: unfitting armour, cold-blooded, AC +5
a: no special abilities


You were on level 2 of the Dungeon.
You were not hungry.

You visited 1 branch of the dungeon, and saw 2 of its levels.

You collected 27 gold pieces.

Inventory:

Hand Weapons
 c - a +0 mace (weapon)
Scrolls
 e - 3 scrolls of identify {unknown}
 h - a scroll of recharging {unknown}
 k - a scroll of magic mapping {unknown}
 l - a scroll of remove curse {unknown}
Potions
 f - 3 potions of curing {unknown}
 g - a potion of agility {unknown}
 j - a potion of magic {unknown}
 m - a potion of might {unknown}
Books
 a - a book of Minor Magic

   Spells                             Type                      Level
   a - Magic Dart                     Conjuration                  1
   b - Blink                          Translocation                2
   c - Call Imp                       Summoning                    2
   d - Repel Missiles                 Charms/Air                   2
   e - Slow                           Hexes                        2
   f - Conjure Flame                  Conjuration/Fire             3
   g - Mephitic Cloud                 Conjuration/Poison/Air       3
 b - the Reference Book on Transformation

   Spells                             Type                      Level
   a - Beastly Appendage              Transmutation                1
   b - Passwall                       Transmutation/Earth          3
Comestibles
 d - 2 bread rations
 i - 3 meat rations


   Skills:
 + Level 2.5 Fighting
 * Level 5.2 Maces & Flails
 + Level 1.7 Dodging
 - Level 1.0 Stealth
 - Level 1.0 Spellcasting
   Level 1.0 Necromancy
   Level 1.0 Translocations
   Level 1.0 Evocations


You had 5 spell levels left.
You didn't know any spells.

Dungeon Overview and Level Annotations

Branches:
Dungeon (2/15)

Altars:
Gozag

Annotations:
D:2 Natasha


Innate Abilities, Weirdness & Mutations

Your plain brown scales are hard (AC +5).
Your body does not fit into most forms of armour.
You are cold-blooded and may be slowed by cold attacks.


Message History

The puff of frost hits you!
You hit Natasha but do no damage.
Natasha is heavily wounded.
The white imp hits you but does no damage.
The shadow imp hits you but does no damage.
Natasha claws you but does no damage.
The white imp hits you but does no damage.
You closely miss Natasha.
Your tail-slap misses Natasha.
Natasha is heavily wounded.
The white imp hits you. The white imp freezes you.
You feel yourself slow down. The shadow imp gestures at you.
Pain shoots through your body! Natasha casts a spell at you.
The magic dart hits you!
* * * LOW HITPOINT WARNING * * *
The white imp gestures at you. The puff of frost hits you!
* * * LOW HITPOINT WARNING * * *
The shadow imp hits you.
You die...

########## #..# #
######........###..#
.##.#....#.######.#.....
...#...............(...
......##.#'######.#.....
..##....<.....# #.###...
#.............# #.# ###.
.##..5h5.........######
##.#@5#.#......#.....
#..†.#.#......#.....
###..#.# ....##.....
##.#.###..#.# .. #.....
..........# #.....
####.###.## ###### #.#
#.# ########## #.#
#.........


You could see Natasha, 2 white imps and a shadow imp.

Vanquished Creatures
  A worker ant (D:2)
  Natasha (D:2)
  3 adders (D:2)
  A giant gecko (D:2)
  A ball python (D:2)
  A giant cockroach (D:2)
  3 goblins
  4 hobgoblins
  5 bats (D:2)
  2 giant newts
  5 kobolds
  6 rats
33 creatures vanquished.

Notes
Turn   | Place    | Note
--------------------------------------------------------------
     0 | D:1      | ricardofg the Draconian Wanderer began the quest for the Orb.
     0 | D:1      | ricardofg set off with: a book of Minor Magic, the Reference Book on Transformation, a +0 mace, a bread ration
     0 | D:1      | Reached XP level 1. HP: 16/16 MP: 2/2
   219 | D:1      | Reached XP level 2. HP: 15/23 MP: 3/3
   884 | D:2      | Found an opulent altar of Gozag.
  1224 | D:2      | Noticed Natasha
  1230 | D:2      | Killed Natasha
  1230 | D:2      | Reached skill level 1 in Dodging
  1230 | D:2      | Reached XP level 3. HP: 22/29 MP: 4/4
  1424 | D:2      | Reached XP level 4. HP: 29/36 MP: 5/5
  1499 | D:2      | Identified the Reference Book on Transformation
  1527 | D:2      | Reached skill level 5 in Maces & Flails
  2107 | D:2      | Noticed Natasha
  2117 | D:2      | HP: 1/37 [white imp/puff of frost[Natasha] (8)]
  2117 | D:2      | Slain by a shadow imp

Action                   |  1- 3 |  4- 6 || total
-------------------------+-------+-------++-------
Melee: Mace              |    67 |    33 ||   100
 Stab: Sleeping          |     2 |       ||     2
  Eat: Chunk             |     2 |     2 ||     4
